Map: Odyssey LE

Players

soO

  • Race: Zerg Zerg
  • Spawn Location: 5:00

Rogue - Winner!

  • Race: Zerg Zerg
  • Spawn Location: 11:00

Event: 2017 WCS Global Finals

VOD

Have the link to the VOD?

Description

Time

  • Played on: Nov. 4, 2017, 7:24 p.m.
  • Length: 7:07

All games in this series

Show
View Real Time Build Order
Export as new Build Order

soO Zerg 

Build Orders: 1 Base Baneling Bust, Pool First, Zergling Baneling 

Get SALT Encoding   

  12  0:00  Drone  
  13  0:15  Extractor  
  12  0:24  Spawning Pool  
  12  0:28  Drone  
  12  0:32  Drone  
  13  0:37  Drone  
  14  0:47  Overlord  
  14  1:10  Queen  
  17  1:11  Zergling x2  
  17  1:17  Metabolic Boost  
  17  1:20  Zergling x2  
  17  1:25  Zergling x2  
  19  1:30  Zergling x2  
  20  1:39  Baneling Nest  
  19  1:45  Zergling x2  
  20  1:47  Zergling x2  
  21  1:57  Overlord  
  21  2:05  Zergling x2  
  22  2:18  Zergling x6  
  22  2:21  Zergling x2  
  26  2:24  Baneling x2  
  26  2:27  Baneling  
  26  2:31  Baneling  
  26  2:34  Zergling x2  
  27  2:42  Zergling x2  
  28  2:53  Zergling x4  
  29  3:02  Zergling x2  
  27  3:07  Zergling x2  
  25  3:22  Zergling x2  
  23  3:28  Zergling x2  
  22  3:37  Zergling x2  
  23  3:44  Baneling  
  23  3:45  Baneling, Zergling x2  
  23  3:47  Zergling x4  
  25  3:53  Zergling x2  
  26  4:09  Zergling x2  
  26  4:11  Hatchery  
  26  4:15  Drone  
  26  4:23  Drone x2  
  24  4:28  Drone  
  24  4:32  Baneling  
  24  4:33  Baneling  
  25  4:38  Drone  
  25  4:42  Drone  
  26  4:50  Queen  
  28  4:55  Drone  
  29  5:07  Drone  
  29  5:16  Overlord  
  29  5:24  Zergling x6  
  31  5:28  Zergling x4  
  31  5:29  Zergling x2  
  31  5:34  Drone  
  29  5:44  Drone  
  29  5:45  Drone  
  28  5:57  Zergling x4  
  28  6:01  Zergling x2  
  31  6:05  Zergling x2  
  31  6:07  Zergling x2  
  33  6:12  Baneling x3  
  33  6:13  Baneling  
  33  6:16  Baneling  
  33  6:17  Baneling  
  33  6:22  Zergling x2  
  33  6:23  Baneling x2  
  34  6:26  Zergling x2  
  35  6:38  Zergling x6  
  35  6:45  Zergling x6  
  34  6:50  Zergling x2  
Show
View Real Time Build Order
Export as new Build Order

Rogue Zerg - Winner!

Build Orders: Hatch First, Zergling Baneling 

Get SALT Encoding   

  12  0:00  Drone  
  13  0:12  Overlord  
  13  0:16  Drone  
  14  0:31  Drone x2  
  14  0:34  Drone  
  17  0:51  Hatchery  
  17  0:54  Drone  
  17  0:57  Drone  
  18  1:08  Extractor  
  17  1:12  Spawning Pool  
  17  1:14  Drone  
  17  1:18  Drone  
  18  1:28  Drone  
  19  1:38  Overlord  
  19  1:59  Queen, Zergling x4  
  23  2:02  Queen  
  23  2:03  Zergling x2  
  23  2:07  Metabolic Boost  
  26  2:11  Drone  
  26  2:14  Drone  
  28  2:21  Drone  
  29  2:24  Drone  
  29  2:27  Baneling Nest  
  29  2:31  Drone  
  29  2:36  Drone  
  31  2:39  Queen  
  33  2:50  Spine Crawler  
  32  2:52  Zergling x4  
  32  3:01  Zergling x4  
  32  3:07  Zergling x2  
  32  3:12  Zergling x2  
  32  3:15  Zergling x2  
  32  3:17  Queen  
  31  3:20  Baneling  
  28  3:33  Zergling x2  
  27  3:39  Zergling x2  
  27  3:50  Baneling x2, Zergling x2  
  27  3:53  Queen, Zergling x2  
  31  4:00  Zergling x4  
  31  4:02  Baneling  
  33  4:07  Zergling x2  
  32  4:11  Zergling x4  
  32  4:13  Zergling x2  
  33  4:23  Zergling x4  
  35  4:25  Zergling x2  
  35  4:30  Baneling x2  
  35  4:35  Baneling x3  
  35  4:44  Overlord  
  35  5:01  Queen  
  35  5:05  Drone x7  
  43  5:08  Drone  
  43  5:18  Overlord  
  43  5:24  Drone  
  43  5:31  Drone  
  42  5:36  Drone x3  
  42  5:39  Drone x2  
  45  5:43  Lair  
  45  5:46  Roach Warren, Zergling x4  
  46  5:50  Drone x2  
  46  5:51  Extractor  
  46  5:53  Extractor, Zergling x2  
  46  5:56  Drone  
  47  6:01  Evolution Chamber  
  46  6:04  Drone x2  
  46  6:05  Baneling x2  
  46  6:07  Baneling x2  
  46  6:11  Queen  
  50  6:13  Baneling  
  50  6:15  Zergling x2  
  50  6:16  Zergling x2  
  52  6:21  Baneling  
  52  6:23  Overlord x2  
  52  6:42  Roach x2  
  52  6:43  Roach x4  
  52  6:45  Roach  
  52  6:46  Roach  
Tags
 
Add a new tag
Caveats
  • Supply blocks, unpowered buildings, or Contaminate may cause inaccurate times.
  • Supply counts are checked every 10 seconds.